 Dungeon Crawl Stone Soup version 0.27.0-1-g7a089689b8 (webtiles) character file.

Game seed: 7885517568816434680

11 MovingMist the Covered (level 2, 0/19 HPs)
             Began as a Gargoyle Fighter on July 31, 2021.
             Slain by a kobold (2 damage)
             ... on level 2 of the Dungeon.
             The game lasted 00:01:37 (1114 turns).

MovingMist the Covered (Gargoyle Fighter)           Turns: 1114, Time: 00:01:38

Health: 0/19       AC:  9    Str: 19    XL:     2   Next: 29%
Magic:  2/2        EV:  7    Int:  8    God:
Gold:   44         SH:  9    Dex: 15    Spells: 1/1 levels left

rFire    . . .     SeeInvis .   a - +0 flail
rCold    . . .     Faith    .   c - +0 kite shield
rNeg     + . .     Spirit   .   b - +0 scale mail
rPois    ∞         Reflect  .   (no helmet)
rElec    +         Harm     .   (no cloak)
rCorr    .         Rampage  .   (no gloves)
Will     .....                  (no boots)
Stlth    ..........             (no amulet)
HPRegen  0.06/turn              l - +6 ring of dexterity
MPRegen  0.08/turn              (no ring)

@: no status effects
A: sickness immunity, AC +2, negative energy resistance 1, electricity
resistance, torment resistance 1, petrification resistance
a: no special abilities


You were on level 2 of the Dungeon.
You visited 1 branch of the dungeon, and saw 2 of its levels.

You collected 44 gold pieces.

Inventory:

Hand Weapons
 a - a +0 flail (weapon)
Missiles
 o - 8 boomerangs of dispersal (quivered)
Armour
 b - a +0 scale mail (worn)
 c - a +0 kite shield (worn)
Jewellery
 l - a +6 ring of dexterity (left hand)
Scrolls
 e - a scroll of acquirement {unknown}
 f - a scroll of immolation {unknown}
 h - 2 scrolls of enchant armour {unknown}
 i - 2 scrolls of identify {unknown}
 j - a scroll of amnesia {unknown}
 n - a scroll of vulnerability {unknown}
 p - 3 scrolls of blinking {unknown}
 q - 2 scrolls of noise {unknown}
Potions
 d - a potion of might
 g - a potion of lignification {unknown}
 k - a potion of heal wounds {unknown}
 m - a potion of curing {unknown}


   Skills:
 + Level 3.4 Fighting
 + Level 2.1 Maces & Flails
 * Level 3.6 Armour
 + Level 0.4 Dodging
 - Level 3.2 Shields


You had one spell level left.
You didn't know any spells.
Your spell library contained the following spells:

 Spells                   Type           Power      Damage    Failure   Level
 Summon Small Mammal      Summ           0%         N/A       99%         1
 Passwall                 Tmut/Erth      0%         N/A       100%        2
 Call Canine Familiar     Summ           0%         N/A       100%        3
 Summon Guardian Golem    Hex/Summ       0%         N/A       100%        3
 Swiftness                Air            0%         N/A       100%        3
 Invisibility             Hex            0%         N/A       100%        6


Dungeon Overview and Level Annotations

Branches:
Dungeon (2/15)

Altars:

Annotations:
D:2 Terence


Innate Abilities, Weirdness & Mutations

You are immune to sickness and miasma.
Your stone body is resilient. (AC +2)
You are immune to poison.
You resist negative energy. (rN+)
You are resistant to electric shocks. (rElec)
You are resistant to unholy torment.
You are immune to petrification.


Message History

Found a stone staircase leading up.
There is an open door here.
You see here a +0 mace.
h - 2 scrolls labelled LEJUCRILUBU (gained 1)
You open the door.
There is an open door here.
Found 19 stones.
You see here 19 stones.
p - 3 scrolls labelled URULOQ ZIOT (gained 2)
Found a runed dagger.
You see here a +1 dagger of protection.
Terence the Incautious comes into view.
He is wielding a +0 flail.
Terence shouts!
You closely miss Terence. Terence hits you but does no damage.
A kobold comes into view. It is wielding a +0 dagger.
You sock Terence!
Terence is moderately wounded.
Terence hits you with a +0 flail. Terence closely misses you.
You hit Terence.
Terence is severely wounded.
Terence hits you with a +0 flail.
You hit Terence but do no damage.
Terence is severely wounded.
You block Terence's attack. Terence closely misses you.
You closely miss Terence.
Terence is heavily wounded.
Terence hits you with a +0 flail.
You barely miss Terence.
Terence is heavily wounded.
You block Terence's attack. The kobold hits you with a +0 dagger.
You block Terence's attack. The kobold hits you but does no damage.
You closely miss Terence.
Terence is heavily wounded.
Terence hits you with a +0 flail.
* * * LOW HITPOINT WARNING * * *
The kobold hits you with a +0 dagger.
* * * LOW HITPOINT WARNING * * *
You see here a +1 dagger of protection.
You closely miss the kobold. The kobold hits you with a +0 dagger.
You die...

#.#######.# #..######.#
#........># #.........#
########### #.#########
#.# #.# ######### #.#
#.......# ##.# #.###.#.#
##K.#####...
#.##.#..######@#.......#
#.#.###.......###..#####
#.##.#..######.#..##
#.......# #..##
###...### ##.# # #.###
#.# # #.# #+# # #.# #
#.# #


You could see a kobold.

Vanquished Creatures
  A dart slug (D:2)
  3 endoplasms
  A hobgoblin (D:2)
  A kobold (D:2)
  A ball python (D:2)
  A frilled lizard (D:1)
  A rat (D:2)
9 creatures vanquished.

Notes
Turn   | Place    | Note
-------+----------+-------------------------------------------
     0 | D:1      | MovingMist the Gargoyle Fighter began the quest for the
                  | Orb.
     0 | D:1      | Reached XP level 1. HP: 14/14 MP: 1/1
     3 | D:1      | Found a faded altar of an unknown god.
   799 | D:2      | Reached XP level 2. HP: 16/19 MP: 2/2
  1101 | D:2      | Noticed Terence
  1114 | D:2      | Slain by a kobold

Illustrated notes

Levels and vault maps discovered:
D:1:      amcnicky_arrival_single_pillar, layout_rooms,
          ebering_ecumenical_altar_abandoned
D:2:      layout_loops_corners, uniq_terence

Action                   || total
-------------------------++-------
Melee: Flail             ||    22
Armor: Scale mail        ||     5
Dodge: Dodged            ||     3
Block: Kite shield       ||     6
